 Dungeon Crawl Stone Soup version 0.29-a0-520-gc852659d43 (webtiles) character file.

Game seed: 4188951557107259950

3480 tilp the Fighter (level 9, -10/74 HPs)
             Began as a Mummy Necromancer on May 31, 2022.
             Was a Follower of Kikubaaqudgha.
             Mangled by a troll (11 damage)
             ... on level 9 of the Dungeon.
             The game lasted 00:17:43 (10959 turns).

tilp the Fighter (Mummy Necromancer)               Turns: 10959, Time: 00:17:44

Health: -10/74     AC: 11    Str: 11    XL:     9   Next: 79%
Magic:  1/13       EV: 13    Int: 18    God:    Kikubaaqudgha [*.....]
Gold:   737        SH:  5    Dex: 13    Spells: 6/14 levels left

rFire   x . .      SeeInvis .   a - +2 dagger (elec)
rCold   + + .      Faith    .   u - +0 buckler
rNeg    + + +      Spirit   .   f - +0 robe
rPois   ∞          Reflect  .   c - +2 hat
rElec   .          Harm     .   r - +0 cloak
rCorr   .          Rampage  .   A - +0 pair of gloves
Will    +....                   j - +0 pair of boots
Stlth   ++........              (no amulet)
HPRegen 0.22/turn               d - ring of protection from cold
MPRegen 0.13/turn               p - +4 ring of protection

@: about to teleport, animating dead
A: cold resistance 1, negative energy resistance 3, torment resistance 2, heat
vulnerability 1, in touch with death 1, no potions
a: Renounce Religion, Unearth Wretches


You were on level 9 of the Dungeon.
You worshipped Kikubaaqudgha.
Kikubaaqudgha was aware of your devotion.
You visited 2 branches of the dungeon, and saw 10 of its levels.

You collected 737 gold pieces.

Inventory:

Hand Weapons
 a - a +2 dagger of electrocution (weapon)
 h - a +3 whip of protection
 s - a +1 dagger of venom
Missiles
 g - 4 atropa-tipped darts
 i - 327 stones
 o - 28 poisoned darts (quivered)
 t - 2 boomerangs
 C - 5 javelins
 E - 3 silver boomerangs
Armour
 c - a +2 hat (worn)
 e - a +0 leather armour
 f - a +0 robe (worn)
 j - a +0 pair of boots (worn)
 k - a scarf of repulsion
 r - a +0 cloak (worn)
 u - a +0 buckler (worn)
 A - a +0 pair of gloves (worn)
 F - a +0 helmet
Magical Staves
 D - a staff of cold
Jewellery
 d - a ring of protection from cold (left hand)
 p - a +4 ring of protection (right hand)
Wands
 n - a wand of digging (14)
 z - a wand of acid (10)
 B - a wand of iceblast (9)
Scrolls
 b - a scroll of fog
 l - a scroll of teleportation
 m - a scroll of vulnerability
 q - a scroll of poison
 v - a scroll of noise {unknown}
 w - a scroll of magic mapping {unknown}
 x - 5 scrolls of amnesia
 y - 3 scrolls of immolation
 H - a scroll of enchant weapon


   Skills:
 - Level 8.0 Fighting
 + Level 5.7 Short Blades
 - Level 4.0 Dodging
 - Level 4.0 Stealth
 - Level 4.0 Shields
 - Level 3.0 Spellcasting
 - Level 6.0 Necromancy


You had 6 spell levels left.
You knew the following spells:

 Your Spells              Type           Power      Damage    Failure   Level
a - Necrotize             Necr           100%       1d9       1%          1
b - Vampiric Draining     Necr           36%        2d8       5%          3
c - Animate Dead          Necr           36%        N/A       17%         4

Your spell library contained the following spells:

 Spells                   Type           Power      Damage    Failure   Level
 Freeze                   Ice            8%         1d3       21%         1
 Summon Small Mammal      Summ           8%         N/A       21%         1
 Agony                    Necr           36%        N/A       43%         5
 Call Canine Familiar     Summ           2%         N/A       52%         3
 Frozen Ramparts          Ice            4%         1d2       52%         3
 Ozocubu's Armour         Ice            2%         N/A       52%         3
 Summon Guardian Golem    Hex/Summ       2%         N/A       52%         3
 Anguish                  Hex/Necr       10%        N/A       52%         4
 Hailstorm                Conj/Ice       2%         3d3       90%         4
 Summon Ice Beast         Ice/Summ       2%         N/A       90%         4
 Metabolic Englaciation   Hex/Ice        1%         N/A       99%         5
 Simulacrum               Ice/Necr       10%        N/A       100%        6


Dungeon Overview and Level Annotations

Branches:
Dungeon (9/15)             Temple (1/1) D:5
   Lair: D:8-11         Orc: D:9-12

Altars:
Ashenzari
Cheibriados
Dithmenos
Elyvilon
Fedhas
Hepliaklqana
Kikubaaqudgha
Makhleb
Nemelex Xobeh
Okawaru
Qazlal
Ru
Sif Muna
Trog
Uskayaw
Vehumet
Wu Jian
Xom
Yredelemnul
Zin
The Shining One

Shops:
D:6 !

Annotations:
D:3 Sigmund
D:6 Prince Ribbit
D:7 3 runed translucent doors, initializr's ghost, novice HOFi
D:9 Grum


Innate Abilities, Weirdness & Mutations

You are immune to poison.
Your flesh is cold resistant. (rC+)
You are immune to negative energy. (rN+++)
You are immune to unholy pain and torment.
You are vulnerable to heat. (rF-)
You are in touch with the powers of death.
You do not drink.


Message History

The troll claws you.
* * * LOW HITPOINT WARNING * * *
The wolf misses you.
Unknown command.
Unknown command.
Casting: Animate Dead (dangerous; 17% risk of failure)
Confirm with . or Enter, or press ? or * to list all spells.
Aiming: Vampiric Draining (dangerous; 5% risk of failure)
Press: ? - help, Shift-Dir - straight line, f - troll
Aim: a troll You feel a surge of power!
You draw life force from the troll!
You feel life coursing into your body! The wolf closely misses you.
Grum hits you from afar with a +0 spear!
* * * LOW HITPOINT WARNING * * *
You block the troll's attack. The troll misses you.
The troll claws you but does no damage. You block the wolf's attack.
Casting: Vampiric Draining (dangerous; 5% risk of failure)
Confirm with . or Enter, or press ? or * to list all spells.
Aiming: Vampiric Draining (dangerous; 5% risk of failure)
Press: ? - help, Shift-Dir - straight line, f/p - troll
Aim: a troll (moderately wounded)
You feel a surge of power!
You draw life force from the troll!
You feel life coursing into your body. The wolf bites you!
* * * LOW HITPOINT WARNING * * *
Grum barely misses you. You block the troll's attack.
The troll closely misses you. The troll claws you.
* * * LOW HITPOINT WARNING * * *
Unknown command.
Casting: Vampiric Draining (dangerous; 5% risk of failure)
Confirm with . or Enter, or press ? or * to list all spells.
Aiming: Vampiric Draining (dangerous; 5% risk of failure)
Press: ? - help, Shift-Dir - straight line, f/p - troll
Aim: a troll (severely wounded)
You feel a surge of power!
You draw life force from the troll.
You feel life coursing into your body. The wolf bites you but does no damage.
Grum misses you. The wolf misses you. The troll bites you.
* * * LOW HITPOINT WARNING * * *
You block the troll's attack. The troll claws you!
You die...
Kikubaaqudgha rasps: "You have failed me!
Welcome... oblivion!"

#### #..# ##..# ###.#####
###.....## #
......#..############## .#
###............T@hgh..##.###..
####.#####....#######.........
.# #.# ##............######
.###.## #..........##g....#
..##..# #..........##.....#
...##.### #......[...##....[#
........# #....>.....##.....#
####..#.###.........T##......#
#.....##..........##........


You could see Grum, a troll and 2 wolves.

Vanquished Creatures
  A kobold demonologist (D:8)
  Edmund (D:5)
  2 water moccasins
  2 black bears
  2 sky beasts
  An ice beast (D:6)
  An ogre (D:7)
  3 centaurs
  A wolf (D:8)
  A kobold brigand (D:4)
  A phantom (D:6)
  2 bullfrogs (D:7)
  A necrophage (D:4)
  2 scorpions
  7 killer bees
  5 howler monkeys
  3 electric eels (D:7)
  4 hounds
  6 orc wizards
  4 gnolls (D:2)
  6 adders
  5 white imps
  3 ufetubi
  3 worms
  25 orcs
  4 endoplasms
  7 goblins
  4 hobgoblins
  5 quokkas
  4 ball pythons
  3 bats
  28 kobolds
  3 rats (D:2)
150 creatures vanquished.

Vanquished Creatures (collateral kills)
  2 orc warriors (D:8)
  A sky beast (D:8)
  3 killer bees (D:8)
  An iguana (D:6)
  3 orcs (D:8)
  A giant cockroach (D:2)
11 creatures vanquished.

Vanquished Creatures (others)
  A centaur zombie (D:9)
  4 killer bee zombies
  3 orc zombies (D:8)
  11 plants (D:4)
19 creatures vanquished.

Grand Total: 180 creatures vanquished

Notes
Turn   | Place    | Note
-------+----------+-------------------------------------------
     0 | D:1      | tilp the Mummy Necromancer began the quest for the Orb.
     0 | D:1      | Reached XP level 1. HP: 13/13 MP: 4/4
   128 | D:1      | Found a faded altar of an unknown god.
   185 | D:1      | Reached skill level 1 in Fighting
   193 | D:1      | Reached XP level 2. HP: 21/21 MP: 0/5
   670 | D:2      | Found a snail-covered altar of Cheibriados.
   724 | D:2      | Gained mutation: You are in touch with the powers of death.
                  | [Mummy growth]
   724 | D:2      | Reached XP level 3. HP: 26/27 MP: 7/7
   770 | D:2      | Reached skill level 2 in Fighting
  1148 | D:2      | Reached XP level 4. HP: 34/34 MP: 3/8
  1160 | D:2      | Reached skill level 3 in Fighting
  1557 | D:2      | Reached skill level 4 in Fighting
  1732 | D:3      | Reached XP level 5. HP: 33/42 MP: 6/9
  2325 | D:3      | Noticed Sigmund
  2677 | D:4      | Reached skill level 1 in Short Blades
  2824 | D:4      | You fall into a shaft and drop 2 floors!
  2830 | D:6      | Found Riyjilut's Distillery.
  2841 | D:5      | Entered Level 5 of the Dungeon
  2901 | D:5      | Reached XP level 6. HP: 44/49 MP: 10/10
  3599 | D:4      | Got the Volume of the Snowflakes
  4191 | D:5      | Reached skill level 5 in Fighting
  4191 | D:5      | Reached skill level 5 in Necromancy
  4243 | D:5      | Noticed Edmund
  4636 | D:5      | Noticed a sky beast
  4651 | D:5      | Reached XP level 7. HP: 53/56 MP: 11/11
  4784 | D:5      | Learned a level 3 spell: Vampiric Draining
  4875 | D:5      | Found a staircase to the Ecumenical Temple.
  5028 | D:5      | Killed Edmund
  5029 | D:5      | Reached skill level 6 in Fighting
  5206 | Temple   | Entered the Ecumenical Temple
  5666 | D:6      | Noticed Prince Ribbit
  5845 | D:6      | Reached skill level 1 in Shields
  5845 | D:6      | Reached XP level 8. HP: 53/64 MP: 3/12
  6802 | D:7      | Found a stormy altar of Qazlal.
  6803 | D:7      | Found an ancient bone altar of Kikubaaqudgha.
  6816 | D:7      | Became a worshipper of Kikubaaqudgha
  7113 | D:7      | Found a runed translucent gate.
  7113 | D:7      | Found a runed translucent gate.
  7114 | D:7      | Found a runed translucent gate.
  7158 | D:7      | Noticed initializr's ghost (novice HOFi)
  7427 | D:7      | Reached skill level 7 in Fighting
  7831 | D:7      | Reached XP level 9. HP: 40/72 MP: 8/13
  8219 | D:7      | Learned a level 4 spell: Animate Dead
  8276 | D:8      | Found a snail-covered altar of Cheibriados.
  8623 | D:8      | Noticed a kobold demonologist
  8633 | D:8      | Killed a kobold demonologist
  8790 | D:8      | Found a blossoming altar of Fedhas.
  9092 | D:8      | Reached * piety under Kikubaaqudgha
  9092 | D:8      | Received a gift from Kikubaaqudgha
  9235 | D:8      | Found a hide-covered altar of Uskayaw.
  9236 | D:8      | Found a shimmering blue altar of Sif Muna.
  9240 | D:8      | Found an iron altar of Okawaru.
  9444 | D:8      | HP: 1/74 [orc warrior/+0 dire flail (16)]
  9453 | D:8      | Reached skill level 8 in Fighting
  9473 | D:8      | Reached skill level 5 in Short Blades
 10137 | D:9      | Noticed Grum
 10169 | D:9      | Noticed a troll
 10959 | D:9      | HP: 1/74 [troll (6)]
 10959 | D:9      | Mangled by a troll

Illustrated notes

Levels and vault maps discovered:
D:1:      scummos_arrival_star, layout_rooms, ebering_ecumenical_altar_rust
D:2:      layout_loops_ring, basic_altar
D:3:      layout_basic, uniq_sigmund
D:4:      kennysheep_kobold_camp, layout_loops_ring, minmay_misc_feat_tiny
D:5:      layout_basic, lemuel_temple_firewalk_b, uniq_edmund
D:6:      layout_layer_cave, serial_shops, nicolae_shop_statue_plus,
          uniq_prince_ribbit1
D:7:      layout_gridville, nicolae_overflow_squiral,
          gammafunk_ghost_necromancy, nicolae_lava_and_water
D:8:      minmay_goldmine, layout_loops_corners, minitemple, slow_altar_1
D:9:      layout_rooms, uniq_grum
Temple:   nicolae_temple_x_marks_the_god

Skill      XL: |  1  2  3  4  5  6  7  8  9 |
---------------+----------------------------+-----
Fighting       | 1 2 4 5 6 7 8 |  8.0
Dodging        | 2 3 4 |  4.0
Stealth        | 2 3 4 |  4.0
Spellcasting   | 3 |  3.0
Short Blades   | 1 2 3 5 |  5.7
Necromancy     | 5 6 |  6.0
Shields        | 1 2 4 |  4.0

Action                   |  1- 3 |  4- 6 |  7- 9 || total
-------------------------+-------+-------+-------++-------
Melee: Dagger            |    35 |   210 |   238 ||   483
       Punch             |       |     5 |     1 ||     6
 Fire: Hunting sling     |     1 |       |       ||     1
Throw: Dart              |       |     4 |     3 ||     7
 Cast: Necrotize         |    25 |    41 |    96 ||   162
       Vampiric Draining |       |       |    11 ||    11
       Animate Dead      |       |       |    10 ||    10
  Use: Scroll            |     4 |     5 |     6 ||    15
 Stab: Sleeping          |     4 |     4 |     6 ||    14
       Distracted        |       |     2 |       ||     2
Armor: Robe              |    14 |    71 |   127 ||   212
Dodge: Dodged            |    28 |   139 |   219 ||   386
       Repelled          |       |     1 |       ||     1
Block: Buckler           |       |       |    25 ||    25

Table legend: (Time is in decaauts)
 A = Elapsed time spent in this place.
 B = Non-inter-level travel time spent in this place.
 C = Inter-level travel time spent in this place.
 D = Time resting spent in this place.
 E = Time spent auto-exploring this place.
 F = Levels seen in this place.
 G = Mean time per level.
                   A        B        C        D        E       F      G
               +--------+--------+--------+--------+--------+-----+--------+
         Total |  10901 |  10460 |    441 |   1339 |   7577 |  10 | 1090.1 |
       Dungeon |  10844 |  10410 |    434 |   1339 |   7532 |   9 | 1204.9 |
        Temple |     56 |     49 |      7 |      0 |     45 |   1 |   56.0 |
               +--------+--------+--------+--------+--------+-----+--------+

Top non-repeatable levels by time:
     D:8: 2312 daAuts
     D:7: 1557 daAuts
     D:4: 1519 daAuts
     D:6: 1399 daAuts
     D:2: 1092 daAuts
     D:5: 1029 daAuts
     D:3: 952 daAuts
     D:1: 604 daAuts
     D:9: 377 daAuts
  Temple: 56 daAuts
